[Event "ICC tourney 2556 (25 5)"]
[Site "Internet Chess Club"]
[Date "2021.05.08"]
[Round "3"]
[White "GANESH IYER, ARJUN:K05-17350382"]
[Black "KEEL, MYLAN:K05-17256996"]
[Result "1-0"]
[ICCResult "Black checkmated"]
[WhiteElo "580"]
[BlackElo "189"]
[Opening "Philidor's defense"]
[ECO "C41"]
[NIC "KP.10"]
[Time "15:32:09"]
[PlyCount "69"]
[TimeControl "1500+5"]

1. e4 e5 2. Nf3 d6 3. Bc4 Nc6 4. d3 Bd7 5. Ng5 Nh6 6. O-O Be7 7. Nf3 Bf6 8.
Bxh6 gxh6 9. Nc3 Qe7 10. Nd2 O-O-O 11. a3 Be6 12. b4 Bg5 13. Bxe6+ fxe6 14.
b5 Rhg8 15. bxc6 bxc6 16. Qb1 Bxd2 17. Na4 Qg7 18. g3 Bf4 19. Qb3 Qg6 20.
Rab1 Rg7 21. Nc3 Rdg8 22. Ne2 Kd7 23. Nxf4 exf4 24. Qb7 fxg3 25. fxg3 Qxg3+
26. hxg3 Rxg3+ 27. Kh1 R8g5 28. Rf2 R5g4 29. Rbf1 Rh3+ 30. Rh2 Rxh2+ 31.
Kxh2 Rg7 32. Rf8 d5 33. e5 c5 34. Qb5+ Ke7 35. Qe8# { Black checkmated }
1-0

[Event "ICC tourney 2556 (25 5)"]
[Site "Internet Chess Club"]
[Date "2021.05.08"]
[Round "3"]
[White "ENMING LIN, BRYAN:K05-30020975"]
[Black "KURUP, SIDDHARTH:K05-16282415"]
[Result "0-1"]
[ICCResult "White resigns"]
[WhiteElo "1192"]
[BlackElo "1548"]
[Opening "QGD semi-Slav: anti-Meran, Szabó variation"]
[ECO "D44"]
[NIC "SL.07"]
[Time "15:30:12"]
[PlyCount "80"]
[TimeControl "1500+5"]

1. d4 d5 2. c4 c6 3. Nc3 Nf6 4. Nf3 e6 5. Bg5 dxc4 6. e4 b5 7. e5 h6 8. Bh4
g5 9. Nxg5 hxg5 10. Bxg5 Nbd7 11. Qf3 Qb6 12. exf6 Bb7 13. Be2 O-O-O 14.
Qe3 c5 15. Rd1 cxd4 16. Qxd4 Bc5 17. Qf4 e5 18. Qg3 Rdg8 19. Bg4 Bc6 20. h4
Kc7 21. O-O Bd4 22. Rd2 Kb7 23. Bf3 Nxf6 24. Bxc6+ Qxc6 25. Re2 Nh7 26.
Rxe5 Bxe5 27. Qxe5 f6 28. Qe7+ Ka8 29. Rd1 fxg5 30. h5 Re8 31. Qg7 Nf6 32.
Nxb5 Qxb5 33. Qxf6 Qb7 34. Qc3 Rxh5 35. Qxc4 Reh8 36. f3 Rh1+ 37. Kf2 Rxd1
38. Qc3 Rc8 39. Qe5 Rc2+ 40. Kg3 Qb8 { White resigns } 0-1

[Event "ICC tourney 2556 (25 5)"]
[Site "Internet Chess Club"]
[Date "2021.05.08"]
[Round "3"]
[White "SANGHANI, RITIKA:K05-16470815"]
[Black "LI, VINCENT:K05-30054009"]
[Result "1-0"]
[ICCResult "Black checkmated"]
[WhiteElo "1039"]
[BlackElo "419"]
[Opening "King's pawn game"]
[ECO "C50"]
[NIC "IG.03"]
[Time "15:32:44"]
[PlyCount "59"]
[TimeControl "1500+5"]

1. e4 e5 2. Nf3 Nc6 3. Bc4 d6 4. h3 a6 5. a4 Be6 6. Bxe6 fxe6 7. Nc3 d5 8.
exd5 exd5 9. d4 exd4 10. Nxd4 Nxd4 11. Qxd4 b6 12. Bf4 Bd6 13. Bxd6 cxd6
14. Qxd5 Ne7 15. Qd2 O-O 16. O-O b5 17. axb5 axb5 18. Rxa8 Qxa8 19. Nxb5
Nf5 20. Rd1 Qb8 21. b3 Qxb5 22. b4 Qc4 23. Rb1 Qa2 24. Qd1 Qa3 25. b5 Qa2
26. b6 d5 27. b7 Qa7 28. Qxd5+ Rf7 29. b8=Q+ Qxb8 30. Rxb8# { Black
checkmated } 1-0

[Event "ICC tourney 2556 (25 5)"]
[Site "Internet Chess Club"]
[Date "2021.05.08"]
[Round "3"]
[White "KRISHNA, AATMIK:K05-17193623"]
[Black "LEYTE VIDAL, BRANDON:K05-17196870"]
[Result "0-1"]
[ICCResult "White checkmated"]
[WhiteElo "754"]
[BlackElo "1118"]
[Opening "French: advance, Milner-Barry gambit"]
[ECO "C02"]
[NIC "FR.03"]
[Time "15:31:47"]
[PlyCount "164"]
[TimeControl "1500+5"]

1. e4 e6 2. d4 d5 3. e5 c5 4. c3 Nc6 5. Nf3 Qb6 6. Bd3 Bd7 7. Be3 Be7 8.
Bc2 c4 9. Nbd2 Qxb2 10. Bb3 Qxc3 11. Bc2 Nb4 12. Rc1 Nxc2+ 13. Qxc2 Qxc2
14. Rxc2 Bb4 15. O-O Ba4 16. Rb2 Bxd2 17. Bxd2 O-O-O 18. Ba5 b6 19. Bd2 Rd7
20. Ng5 h6 21. Nf3 Rc7 22. Bb4 Ne7 23. Bxe7 Rxe7 24. Rb4 Bc6 25. a4 Rd8 26.
Rfb1 Rdd7 27. a5 b5 28. Kf1 a6 29. Ke2 g5 30. g4 Rd8 31. h4 gxh4 32. Nxh4
Rg8 33. Rg1 h5 34. Nf3 hxg4 35. Nh2 Kc7 36. Rxg4 Rxg4 37. Nxg4 Be8 38. Nf6
Kc6 39. Ng8 Rc7 40. Nf6 Bd7 41. Kd2 Rc8 42. Kc3 Rh8 43. Ng4 Rh3+ 44. Kc2
Rf3 45. Kd2 Rf4 46. Nf6 Rxd4+ 47. Ke3 Rd3+ 48. Ke2 Ra3 49. f4 Rxa5 50. Kd2
Ra2+ 51. Kc3 Ra3+ 52. Kb2 Rf3 53. Ng4 Rxf4 54. Nh2 Rf5 55. Ng4 Rf4 56. Nh2
Re4 57. Nf3 Re3 58. Nd2 Rxe5 59. Nf3 Rf5 60. Nd4+ Kc5 61. Nxf5 Kxb4 62. Nd4
c3+ 63. Kc2 Kc4 64. Nf3 b4 65. Ne1 Ba4+ 66. Kb1 b3 67. Ka1 c2 68. Kb2 f5
69. Nf3 Bb5 70. Ne5+ Kc5 71. Nf3 a5 72. Nd2 a4 73. Nb1 cxb1=Q+ 74. Kxb1
Bd3+ 75. Kb2 a3+ 76. Kxb3 Bc4+ 77. Kxa3 f4 78. Kb2 e5 79. Kc2 f3 80. Kd1 f2
81. Kd2 f1=Q 82. Ke3 Qe2# { White checkmated } 0-1

[Event "ICC tourney 2556 (25 5)"]
[Site "Internet Chess Club"]
[Date "2021.05.08"]
[Round "3"]
[White "JOSHUA RAJESH, AADITYA:K05-16964021"]
[Black "SUNDEEP, SASHA:K05-17150715"]
[Result "1-0"]
[ICCResult "Black checkmated"]
[WhiteElo "989"]
[BlackElo "481"]
[Opening "Four knights: Italian variation"]
[ECO "C55"]
[NIC "IG.01"]
[Time "15:31:26"]
[PlyCount "57"]
[TimeControl "1500+5"]

1. e4 e5 2. Nf3 Nc6 3. Bc4 Nf6 4. Nc3 Bb4 5. d3 Bxc3+ 6. bxc3 O-O 7. Bb5 d6
8. Bxc6 bxc6 9. h3 h6 10. O-O Ba6 11. Be3 d5 12. Nxe5 dxe4 13. Nxc6 Qd6 14.
Nb4 Bb5 15. Re1 exd3 16. cxd3 Nd5 17. Nxd5 Qxd5 18. c4 Bxc4 19. dxc4 Qxc4
20. Bc1 Rad8 21. Qb3 Qc6 22. Qg3 g6 23. Bb2 Rd2 24. Qe5 f6 25. Qc3 Rfd8 26.
Qxc6 Rxb2 27. Qxf6 Rdd2 28. Re8+ Kh7 29. Qh8# { Black checkmated } 1-0

[Event "ICC tourney 2556 (25 5)"]
[Site "Internet Chess Club"]
[Date "2021.05.08"]
[Round "3"]
[White "BIRD, BRIAN:K05-15768143"]
[Black "BERTI, ANDREW:K05-16787803"]
[Result "1/2-1/2"]
[ICCResult "Game drawn by mutual agreement"]
[WhiteElo "1530"]
[BlackElo "1222"]
[Opening "English: Wimpey system"]
[ECO "A01"]
[NIC "VO.08"]
[Time "15:31:37"]
[PlyCount "45"]
[TimeControl "1500+5"]

1. b3 c5 2. Bb2 Nf6 3. e3 d5 4. Nf3 e6 5. c4 Be7 6. Nc3 O-O 7. Be2 Nc6 8.
cxd5 exd5 9. d4 Bf5 10. O-O Ne4 11. Nxe4 dxe4 12. Ne1 Bf6 13. Ba3 b6 14.
Rc1 Nb4 15. dxc5 Nxa2 16. Qxd8 Rfxd8 17. Rc2 Nc3 18. c6 Nxe2+ 19. Rxe2 Rac8
20. Rc2 Rc7 21. b4 b5 22. Rc5 Bg6 23. Nc2 { Game drawn by mutual agreement
} 1/2-1/2

[Event "ICC tourney 2556 (25 5)"]
[Site "Internet Chess Club"]
[Date "2021.05.08"]
[Round "3"]
[White "KONSTANTAKOS, CHRISTOS:K05-17130487"]
[Black "SKOCZYLAS, ALEXANDER:K05-16503528"]
[Result "1-0"]
[ICCResult "Black checkmated"]
[WhiteElo "1447"]
[BlackElo "1001"]
[Opening "QGD: 6.Nf3"]
[ECO "D55"]
[NIC "QO.13"]
[Time "15:32:23"]
[PlyCount "73"]
[TimeControl "1500+5"]

1. d4 d5 2. c4 e6 3. Nc3 Nf6 4. Bg5 Be7 5. Nf3 O-O 6. e3 Nc6 7. Be2 h6 8.
Bh4 Ne4 9. Bxe7 Nxe7 10. Nxe4 dxe4 11. Nd2 f5 12. Nb3 c6 13. f3 exf3 14.
Bxf3 Ng6 15. O-O Qc7 16. Bh5 Rf6 17. e4 Nf4 18. e5 Nxh5 19. exf6 Nxf6 20.
h3 Bd7 21. Re1 Rd8 22. Nc5 Be8 23. Nxe6 Qb6 24. Nxd8 Qxd8 25. Qe2 Bh5 26.
Qe5 Nd7 27. Qxf5 Bf7 28. d5 Qb6+ 29. Qf2 Qa5 30. Re7 Nf6 31. d6 Bxc4 32.
Rae1 Kh7 33. Qxf6 Qc5+ 34. Kh1 Bf7 35. Qxf7 Qe5 36. R1xe5 h5 37. Qxg7# {
Black checkmated } 1-0

[Event "ICC tourney 2556 (25 5)"]
[Site "Internet Chess Club"]
[Date "2021.05.08"]
[Round "3"]
[White "KASTURI, SAHANA:K05-16916485"]
[Black "DEVARAJ, SHREYA:K05-16369648"]
[Result "1-0"]
[ICCResult "Black checkmated"]
[WhiteElo "597"]
[BlackElo "1024"]
[Opening "Giuoco Piano: four knights variation"]
[ECO "C50"]
[NIC "IG.02"]
[Time "15:32:20"]
[PlyCount "43"]
[TimeControl "1500+5"]

1. e4 e5 2. Nf3 Nc6 3. Bc4 Bc5 4. Nc3 Nf6 5. O-O O-O 6. Nxe5 Nxe5 7. d4
Nxc4 8. dxc5 Ne5 9. Bg5 Ng6 10. Nd5 b6 11. Nxf6+ gxf6 12. Bh6 Re8 13. Re1
Bb7 14. h4 Bxe4 15. h5 d6 16. hxg6 Bxg6 17. Rxe8+ Qxe8 18. Qf3 Qd8 19. Re1
Kh8 20. Re8+ Qxe8 21. Qxf6+ Kg8 22. Qg7# { Black checkmated } 1-0

[Event "ICC tourney 2556 (25 5)"]
[Site "Internet Chess Club"]
[Date "2021.05.08"]
[Round "3"]
[White "POTASHINSKY, ILAN:K05-17014227"]
[Black "SHASTI RAVISHANKAR, SEIYON:K05-17047610"]
[Result "1-0"]
[ICCResult "Black checkmated"]
[WhiteElo "266"]
[BlackElo "705"]
[Opening "Queen's pawn game"]
[ECO "D00"]
[NIC "QP.08"]
[Time "15:31:43"]
[PlyCount "43"]
[TimeControl "1500+5"]

1. d4 d5 2. Bd2 Nc6 3. e3 Nf6 4. Bb5 a6 5. Ba4 Bf5 6. Nc3 e6 7. Qe2 Bd6 8.
O-O-O O-O 9. Nf3 Qe7 10. Ng5 Nb4 11. h4 Bxc2 12. Bxc2 h6 13. Bh7+ Nxh7 14.
Nxh7 Kxh7 15. Rh3 c6 16. e4 dxe4 17. Qxe4+ f5 18. Qe2 a5 19. Bg5 Qd7 20.
Rdh1 hxg5 21. hxg5+ Kg6 22. Qh5# { Black checkmated } 1-0

[Event "ICC tourney 2556 (25 5)"]
[Site "Internet Chess Club"]
[Date "2021.05.08"]
[Round "3"]
[White "SOMARAM, AKANKSHA:K05-17045572"]
[Black "KASERA, SAANVI:K05-16376033"]
[Result "0-1"]
[ICCResult "White checkmated"]
[WhiteElo "333"]
[BlackElo "951"]
[Opening "Three knights game"]
[ECO "C46"]
[NIC "KP.06"]
[Time "15:32:09"]
[PlyCount "56"]
[TimeControl "1500+5"]

1. e4 e5 2. Nf3 Nc6 3. Nc3 d6 4. Bc4 Bg4 5. O-O Nd4 6. Qe1 Bxf3 7. g3 Nxc2
8. Qe3 Nxe3 9. dxe3 Bh5 10. b4 Qg5 11. Nd5 Rc8 12. Ba3 Qg4 13. f3 Qh3 14.
Rad1 Be7 15. Rd2 Nf6 16. Nxe7 Kxe7 17. Bb3 g5 18. f4 gxf4 19. exf4 exf4 20.
Rxf4 Rhg8 21. Bb2 Rg6 22. Bxf6+ Rxf6 23. Rdf2 Rxf4 24. Rxf4 Rg8 25. Kf2
Qxh2+ 26. Ke3 Rxg3+ 27. Kd4 Qd2+ 28. Kc4 Be2# { White checkmated } 0-1

[Event "ICC tourney 2556 (25 5)"]
[Site "Internet Chess Club"]
[Date "2021.05.08"]
[Round "3"]
[White "BHEEMANATHINI, HARSHA:K05-16974817"]
[Black "SAMPATHKUMAR, GURU:K05-16282718"]
[Result "0-1"]
[ICCResult "White checkmated"]
[WhiteElo "769"]
[BlackElo "1141"]
[Opening "Caro-Kann defense"]
[ECO "B10"]
[NIC "CK.01"]
[Time "15:32:57"]
[PlyCount "46"]
[TimeControl "1500+5"]

1. e4 c6 2. Nf3 d5 3. d3 dxe4 4. dxe4 Qxd1+ 5. Kxd1 Bg4 6. Be2 Bxf3 7. Bxf3
e5 8. Nc3 Nf6 9. Bd2 Bc5 10. Rf1 O-O 11. Be3 Rd8+ 12. Ke2 Bxe3 13. fxe3 Na6
14. Kf2 Rd2+ 15. Kg1 Rxc2 16. Rab1 Rd8 17. Bd1 Rcd2 18. Bf3 g6 19. Bd1 Kg7
20. Rc1 Rxb2 21. Bb3 Rdd2 22. Rfe1 Rxg2+ 23. Kf1 Rbf2# { White checkmated }
0-1

[Event "ICC tourney 2556 (25 5)"]
[Site "Internet Chess Club"]
[Date "2021.05.08"]
[Round "3"]
[White "VELLORE, INAY:K05-15913368"]
[Black "VENKATRAMAN, PRANAV:K05-30038361"]
[Result "1-0"]
[ICCResult "Black resigns"]
[WhiteElo "1427"]
[BlackElo "808"]
[Opening "Scotch gambit: Dubois-Réti defense"]
[ECO "C55"]
[NIC "KP.02"]
[Time "15:31:50"]
[PlyCount "35"]
[TimeControl "1500+5"]

1. e4 e5 2. Nf3 Nc6 3. d4 exd4 4. Bc4 Nf6 5. e5 Ne4 6. O-O Be7 7. Nxd4 Nxe5
8. Bb3 d6 9. Re1 Nf6 10. f4 Nc6 11. Ba4 Bd7 12. Bxc6 Bxc6 13. Nf5 Be4 14.
Nxg7+ Kf8 15. Nh5 Bg6 16. Nxf6 Bxf6 17. Qg4 Rg8 18. f5 { Black resigns }
1-0

[Event "ICC tourney 2556 (25 5)"]
[Site "Internet Chess Club"]
[Date "2021.05.08"]
[Round "3"]
[White "MANOHAR YELLEPEDDY, YUVAAN:K05-16384357"]
[Black "LIU, DAVID:K05-15646077"]
[Result "1-0"]
[ICCResult "Black checkmated"]
[WhiteElo "734"]
[BlackElo "1100"]
[Opening "Giuoco Pianissimo"]
[ECO "C50"]
[NIC "IG.02"]
[Time "15:30:09"]
[PlyCount "95"]
[TimeControl "1500+5"]

1. e4 e5 2. Nf3 Nc6 3. Bc4 Bc5 4. d3 Nf6 5. Bg5 O-O 6. Nc3 h6 7. Bh4 d6 8.
h3 Be6 9. Nd5 Bxd5 10. Bxd5 a6 11. Nd2 g5 12. Bg3 Rc8 13. O-O Nh5 14. Qxh5
Qf6 15. Nf3 Ne7 16. Bxb7 Rb8 17. Bxa6 Rxb2 18. c3 Ra8 19. Bc4 Rf8 20. Bb3
Kg7 21. Qg4 Ng6 22. Qd7 Bb6 23. Rae1 Nh4 24. Qg4 Nxf3+ 25. Qxf3 Qxf3 26.
gxf3 h5 27. h4 g4 28. fxg4 hxg4 29. Bh2 Kf6 30. Kg2 Rg8 31. Kg3 Rg6 32. Kg2
Kg7 33. Kh1 Kh6 34. Bxf7 Rg7 35. Bb3 Kh5 36. Bg3 Rd2 37. Rd1 Re2 38. f3 Re3
39. Kg2 gxf3+ 40. Rxf3 Re2+ 41. Kh3 Kg6 42. Rdf1 Kh7 43. Rf7 Kh8 44. Be6
Be3 45. Rf8+ Kh7 46. Bf5+ Kh6 47. Rh8+ Rh7 48. Rxh7# { Black checkmated }
1-0

[Event "ICC tourney 2556 (25 5)"]
[Site "Internet Chess Club"]
[Date "2021.05.08"]
[Round "3"]
[White "VENKATARAJA, LINGAADYAKSSH:K05-15495814"]
[Black "GOLSEFIDY, SEPEHR:K05-16686975"]
[Result "0-1"]
[ICCResult "White resigns"]
[WhiteElo "1352"]
[BlackElo "1882"]
[Opening "Scotch gambit: Dubois-Réti defense"]
[ECO "C55"]
[NIC "KP.02"]
[Time "15:30:21"]
[PlyCount "60"]
[TimeControl "1500+5"]

1. e4 e5 2. d4 exd4 3. Bc4 Nc6 4. Nf3 Nf6 5. Nxd4 Nxe4 6. O-O d5 7. Nxc6
bxc6 8. Bd3 Nf6 9. Re1+ Be7 10. Bg5 O-O 11. Nc3 Be6 12. Qf3 Qd7 13. Qg3 Nh5
14. Qh4 Bxg5 15. Qxh5 h6 16. Re5 Bg4 17. Bf5 Qxf5 18. Rxf5 Bxh5 19. h4 Bg6
20. Re5 Bf6 21. Re2 Rfe8 22. Rae1 Kf8 23. f3 Rxe2 24. Rxe2 Re8 25. Rd2 Bxh4
26. Rd4 Bg3 27. Rd1 Re1+ 28. Rxe1 Bxe1 29. Kf1 Bxc3 30. bxc3 Bxc2 { White
resigns } 0-1

[Event "ICC tourney 2556 (25 5)"]
[Site "Internet Chess Club"]
[Date "2021.05.08"]
[Round "3"]
[White "SWEENEY, JACKSON:K05-30028117"]
[Black "BOTHE, NYSA:K05-17073423"]
[Result "0-1"]
[ICCResult "White checkmated"]
[WhiteElo "319"]
[BlackElo "815"]
[Opening "Queen's Pawn"]
[ECO "A41"]
[NIC "QO.17"]
[Time "15:32:21"]
[PlyCount "72"]
[TimeControl "1500+5"]

1. d4 d6 2. Nf3 Nf6 3. Bf4 c6 4. e3 Nbd7 5. Bd3 Qa5+ 6. b4 Qxb4+ 7. c3 Qa5
8. e4 e5 9. Be3 Be7 10. O-O O-O 11. Nbd2 Qxc3 12. Nb3 Qb4 13. Bd2 Qa4 14.
Qb1 c5 15. Ba5 c4 16. Bxc4 Qxc4 17. Rc1 Qe6 18. d5 Qg4 19. h3 Qxe4 20. Qb2
Qxd5 21. Rd1 Qe4 22. Ng5 Qg6 23. h4 h6 24. Nf3 Nh5 25. g3 Nf4 26. Kf1 Nd3
27. Qc2 N3c5 28. Qc1 b6 29. Bb4 Ba6+ 30. Kg1 Ne6 31. Qc6 Nf6 32. Rac1 Nf4
33. Kh1 Qg4 34. Nh2 Qh3 35. Rg1 Ng4 36. gxf4 Nxf2# { White checkmated } 0-1

[Event "ICC tourney 2556 (25 5)"]
[Site "Internet Chess Club"]
[Date "2021.05.08"]
[Round "3"]
[White "SAENZ, DANIEL:K05-16885041"]
[Black "MANIKANDAN, SATHVIK:K05-16940134"]
[Result "1-0"]
[ICCResult "Black resigns"]
[WhiteElo "1018"]
[BlackElo "582"]
[Opening "Sicilian defense"]
[ECO "B32"]
[NIC "SI.32"]
[Time "15:32:44"]
[PlyCount "109"]
[TimeControl "1500+5"]

1. e4 c5 2. Nf3 Nc6 3. d4 cxd4 4. Nxd4 Nxd4 5. Qxd4 d6 6. Nc3 Nf6 7. Bb5+
Bd7 8. Bxd7+ Qxd7 9. Bg5 Qe6 10. O-O h6 11. Bh4 Rd8 12. Qa4+ Qd7 13. Qxa7
d5 14. exd5 Nxd5 15. Rad1 Qc6 16. Nxd5 Rxd5 17. Rxd5 Qxd5 18. Qa8+ Kd7 19.
Bg3 e5 20. Qa4+ b5 21. Qa7+ Ke6 22. Re1 f6 23. f4 Kd6 24. Qb6+ Kd7 25. fxe5
fxe5 26. Qa7+ Kd8 27. Qb8+ Kd7 28. Rxe5 Bc5+ 29. Kf1 Qd1+ 30. Re1 Qxe1+ 31.
Kxe1 Rxb8 32. Bxb8 Ke6 33. Ke2 Kd5 34. Kd3 b4 35. c3 bxc3 36. Kxc3 Kc6 37.
Kd3 Kb5 38. Ke4 Kc4 39. Kf5 Kd3 40. Kg6 Kc2 41. Be5 Kb1 42. a4 Ka2 43. a5
Kb3 44. a6 Kb4 45. Kxg7 Kb5 46. Kxh6 Kxa6 47. g4 Kb6 48. g5 Kc6 49. g6 Kd7
50. g7 Be3+ 51. Kh7 Bd4 52. Bxd4 Kc7 53. g8=Q Kc6 54. Qg6+ Kc7 55. h4 {
Black resigns } 1-0

[Event "ICC tourney 2556 (25 5)"]
[Site "Internet Chess Club"]
[Date "2021.05.08"]
[Round "3"]
[White "BRACK KARSTEN, ROWAN:K05-16593891"]
[Black "MAJUMDAR, ABHI:K05-16196465"]
[Result "0-1"]
[ICCResult "White checkmated"]
[WhiteElo "786"]
[BlackElo "1150"]
[Opening "Caro-Kann defense"]
[ECO "B10"]
[NIC "CK.01"]
[Time "15:31:54"]
[PlyCount "48"]
[TimeControl "1500+5"]

1. e4 c6 2. f4 d5 3. exd5 cxd5 4. d4 Nc6 5. Bb5 Bf5 6. Nf3 Nf6 7. Ne5 Qb6
8. Qe2 e6 9. Nxc6 bxc6 10. Ba4 Bd6 11. Bd2 Qxb2 12. Bxc6+ Ke7 13. Bc3 Qc1+
14. Kf2 Qxh1 15. Bxa8 Rxa8 16. Qa6 Rb8 17. Qxa7+ Kf8 18. Na3 Qxh2 19. Qa6
Ne4+ 20. Ke1 Bxf4 21. Nb5 Qh1+ 22. Ke2 Qxg2+ 23. Ke1 Qg3+ 24. Kd1 Bg4# {
White checkmated } 0-1

[Event "ICC tourney 2556 (25 5)"]
[Site "Internet Chess Club"]
[Date "2021.05.08"]
[Round "3"]
[White "ZHAO, BRYAN:K05-16690808"]
[Black "S MORGAN, LAKSHMI:K05-16867525"]
[Result "0-1"]
[ICCResult "White resigns"]
[WhiteElo "744"]
[BlackElo "1108"]
[Opening "Queen's pawn game"]
[ECO "D00"]
[NIC "QP.08"]
[Time "15:31:33"]
[PlyCount "82"]
[TimeControl "1500+5"]

1. d4 d5 2. e3 e6 3. c4 c6 4. Nc3 Bd6 5. Nf3 Nd7 6. c5 Bc7 7. Bd3 f5 8. g3
Ngf6 9. b3 O-O 10. Bb2 Ne4 11. Nd2 Ndf6 12. Ndxe4 Nxe4 13. Nxe4 fxe4 14.
Bf1 Qf6 15. Qe2 b6 16. Bg2 h6 17. O-O b5 18. Ba3 a5 19. b4 axb4 20. Bxb4 e5
21. Bc3 Ba6 22. Qh5 Rae8 23. Rfd1 Qxf2+ 24. Kh1 Qxe3 25. Bd2 Qf2 26. Qg6
Qf6 27. Qg4 Qe6 28. Qe2 exd4 29. Bc1 Be5 30. Qd2 Re7 31. Qa5 Bc8 32. Bb2 d3
33. Bxe5 Qxe5 34. Re1 Ref7 35. Rad1 Qd4 36. Qa3 Bg4 37. Rd2 Bf3 38. Bxf3
Rxf3 39. Qc1 Rf2 40. Rxf2 Qxf2 41. a3 d2 { White resigns } 0-1

[Event "ICC tourney 2556 (25 5)"]
[Site "Internet Chess Club"]
[Date "2021.05.08"]
[Round "3"]
[White "MANTRI, SIDHARTH:K05-16467263"]
[Black "CHANG LIU, NATHAN:K05-16650672"]
[Result "0-1"]
[ICCResult "White checkmated"]
[WhiteElo "901"]
[BlackElo "1575"]
[Opening "Giuoco Piano: four knights variation"]
[ECO "C50"]
[NIC "IG.02"]
[Time "15:31:24"]
[PlyCount "70"]
[TimeControl "1500+5"]

1. e4 e5 2. Nf3 Nc6 3. Bc4 Bc5 4. Nc3 Nf6 5. O-O d6 6. h3 O-O 7. d3 h6 8.
a3 a5 9. Nd5 Be6 10. Nxf6+ Qxf6 11. Bxe6 fxe6 12. Be3 Bd4 13. Bxd4 exd4 14.
Qe2 e5 15. c3 dxc3 16. bxc3 Ne7 17. d4 Ng6 18. d5 Nf4 19. Qe3 Nxh3+ 20. Kh2
Nf4 21. g3 Nxd5 22. exd5 Qxf3 23. Qxf3 Rxf3 24. c4 Raf8 25. Kg2 Rc3 26.
Rfc1 Rd3 27. Rd1 Rff3 28. Rxd3 Rxd3 29. Rb1 b6 30. Rc1 Rxa3 31. Kh3 Ra2 32.
f3 Kf7 33. Kg4 Kf6 34. Rb1 Rh2 35. c5 h5# { White checkmated } 0-1

[Event "ICC tourney 2556 (25 5)"]
[Site "Internet Chess Club"]
[Date "2021.05.08"]
[Round "3"]
[White "T MARSHALLECK, DAVID:K05-16371805"]
[Black "NILES, NOAH:K05-30027195"]
[Result "0-1"]
[ICCResult "White checkmated"]
[WhiteElo "913"]
[BlackElo "408"]
[Opening "Pirc: classical (two knights) system"]
[ECO "B06"]
[NIC "PU.10"]
[Time "15:30:13"]
[PlyCount "84"]
[TimeControl "1500+5"]

1. e4 g6 2. d4 Bg7 3. Nf3 d6 4. Nc3 Nf6 5. Bc4 Bg4 6. d5 O-O 7. O-O Nbd7 8.
h3 Bxf3 9. Qxf3 Ne5 10. Qd1 Nxc4 11. Ne2 Nxe4 12. Nf4 Nb6 13. Re1 Nf6 14.
Be3 Nc4 15. Bd4 Re8 16. Qd3 Nb6 17. Re3 Nbxd5 18. Nxd5 Nxd5 19. Re2 Nf6 20.
Re4 Nxe4 21. Qxe4 Bxd4 22. Qxd4 e5 23. Qg4 d5 24. b3 e4 25. c4 Qf6 26. cxd5
Qxa1+ 27. Kh2 Qe5+ 28. Kg1 Qxd5 29. f3 exf3 30. gxf3 Re5 31. Qf4 Rg5+ 32.
Kh2 Qe5 33. Qxe5 Rxe5 34. Kg3 Rd8 35. Kf4 f6 36. Kg3 Rd3 37. Kg2 Rg5+ 38.
Kf2 Rd2+ 39. Kf1 Rc5 40. Ke1 Rcc2 41. f4 Rh2 42. Kf1 Rh1# { White
checkmated } 0-1

[Event "ICC tourney 2556 (25 5)"]
[Site "Internet Chess Club"]
[Date "2021.05.08"]
[Round "3"]
[White "D BEAR, NICHOLAS:K05-16056078"]
[Black "NIEUWERBURGH, HENRY:K05-16089188"]
[Result "1-0"]
[ICCResult "Black checkmated"]
[WhiteElo "1706"]
[BlackElo "1297"]
[Opening "Queen's pawn, Mason variation, Steinitz counter-gambit"]
[ECO "D00"]
[NIC "QP.08"]
[Time "15:31:05"]
[PlyCount "123"]
[TimeControl "1500+5"]

1. d4 d5 2. Bf4 c5 3. Nc3 Nc6 4. e4 cxd4 5. exd5 dxc3 6. dxc6 Qxd1+ 7. Rxd1
e6 8. Bb5 b6 9. c7+ Ke7 10. Bc6 cxb2 11. Bxa8 Kf6 12. Nf3 Bb4+ 13. Bd2
Bxd2+ 14. Nxd2 Ne7 15. Ne4+ Kg6 16. O-O Ba6 17. Rfe1 Rxa8 18. Rd8 Nc8 19.
Nd6 Kf6 20. Nxc8 Rxc8 21. Rxc8 Bxc8 22. Rb1 Ke7 23. Rxb2 Kd7 24. Rb3 Kxc7
25. Ra3 a5 26. Rh3 h6 27. Rg3 g6 28. Rf3 f5 29. Rh3 h5 30. Rg3 e5 31. Rxg6
Kd7 32. Rxb6 Kc7 33. Rh6 e4 34. Rxh5 Kd6 35. Kf1 f4 36. Rxa5 Bb7 37. h4 Ke6
38. Rg5 Kf6 39. a4 f3 40. gxf3 exf3 41. a5 Ba6+ 42. Ke1 Be2 43. Rg1 Bc4 44.
h5 Bd5 45. h6 Be4 46. a6 Kf7 47. a7 Ke7 48. h7 Bxh7 49. a8=Q Bf5 50. Qb7+
Kf6 51. Qg7+ Ke6 52. Rg6+ Kd5 53. Rg5 Ke4 54. Rxf5 Kxf5 55. c4 Ke6 56. c5
Kd5 57. Qf6 Kc4 58. c6 Kc5 59. c7 Kb5 60. c8=Q Ka5 61. Qb2 Ka4 62. Qa6# {
Black checkmated } 1-0

[Event "ICC tourney 2556 (25 5)"]
[Site "Internet Chess Club"]
[Date "2021.05.08"]
[Round "3"]
[White "GIORGIO TESSIORE, LUCA:K05-17347744"]
[Black "MURUGAN AYYAPPAN, ADHIRAIYAN:K05-16024678"]
[Result "1-0"]
[ICCResult "Black checkmated"]
[WhiteElo "1914"]
[BlackElo "1378"]
[Opening "QGD: Cambridge Springs defense"]
[ECO "D52"]
[NIC "QO.15"]
[Time "15:32:17"]
[PlyCount "55"]
[TimeControl "1500+5"]

1. d4 d5 2. c4 e6 3. Nf3 Nf6 4. Nc3 c6 5. Bg5 Nbd7 6. e3 Qa5 7. a3 Ne4 8.
Qc2 Nxg5 9. Nxg5 h6 10. Nf3 Nf6 11. Be2 Bd7 12. O-O g5 13. b4 Qc7 14. c5 g4
15. Ne5 h5 16. Bd3 h4 17. Bg6 g3 18. Nxf7 gxf2+ 19. Rxf2 Rg8 20. Rxf6 Ke7
21. Raf1 Bg7 22. Qf2 Be8 23. Qxh4 Bxf6 24. Qxf6+ Kd7 25. Ne5+ Kc8 26. Qxe6+
Kd8 27. Qxg8 b6 28. Qxe8# { Black checkmated } 1-0

[Event "ICC tourney 2556 (25 5)"]
[Site "Internet Chess Club"]
[Date "2021.05.08"]
[Round "3"]
[White "PAK, KINGSTON:K05-30066451"]
[Black "SATHISH, PRANAV:K05-16464655"]
[Result "0-1"]
[ICCResult "White resigns"]
[WhiteElo "1303"]
[BlackElo "1768"]
[Opening "Nimzo-Indian: classical variation"]
[ECO "E32"]
[NIC "NI.24"]
[Time "15:31:05"]
[PlyCount "92"]
[TimeControl "1500+5"]

1. d4 Nf6 2. c4 e6 3. Nc3 Bb4 4. Qc2 O-O 5. e4 d5 6. cxd5 exd5 7. e5 Ne4 8.
Nf3 c5 9. Bd3 cxd4 10. Nxd4 Re8 11. Bxe4 dxe4 12. Qxe4 Nd7 13. f4 Nf6 14.
Qd3 Bc5 15. Be3 Ng4 16. Bg1 f6 17. O-O-O fxe5 18. fxe5 Nxe5 19. Qd2 Bg4 20.
Nde2 Bxg1 21. Qxd8 Raxd8 22. Rxd8 Be3+ 23. Kc2 Rxd8 24. Rd1 Rxd1 25. Kxd1
Bxe2+ 26. Kxe2 Bd4 27. Kd2 Bxc3+ 28. Kxc3 Kf7 29. Kd4 Ke6 30. h3 Kd6 31.
Ke4 Nc4 32. b3 Nd2+ 33. Kd3 Nb1 34. Kc2 Na3+ 35. Kd2 Kd5 36. Kd3 Nb5 37. a4
Nd4 38. b4 b5 39. axb5 Nxb5 40. g3 g5 41. h4 gxh4 42. gxh4 Nd6 43. h5 Nf5
44. Kc3 Ng3 45. h6 Nf5 46. b5 Kc5 { White resigns } 0-1